[ AOE2 MATCH · #505044827 ]
UnrankedBurgundians vs Poles
Rival team · LOSS
[ REPLAY ANALYSIS · EXTRACTED FROM THE RECORDED GAME ]
Feudal
8:55
Castle
22:39
Imperial
39:05
| APM avg | 70.3 |
| APM peak | 111 |
| eAPM avg | 31.4 |
| Villagers / military | 142 / 111 |
Focus
⚔️ 33.5% · 🌾 66.5%
Spearman ×60 · Knight ×22 · Flemish Militia ×16 · Monk ×5 · Militia ×3 · Scout Cavalry ×3
Feudal
10:32
Castle
22:37
Imperial
—
| APM avg | 49.8 |
| APM peak | 88 |
| eAPM avg | 20.1 |
| Villagers / military | 95 / 116 |
Focus
⚔️ 36.0% · 🌾 64.0%
Knight ×102 · Scout Cavalry ×6 · Monk ×3 · Spearman ×3 · Militia ×2
Match map
Initial resources + every placement click. Lines = walls · curves = elevation contours. ◆ gold · ⬟ stone · ● berries · ✦ relic · ◌ wall gap
Your base· ✓ Closed at 22:39 · 58t walls · 2 gate(s)
Jackdaw's base· Open — 11t gap
Smoothed initial terrain · ◌ = detected wall gap · hover for details
Inputs per minute
— Berrante - - Jackdaw
Build order — Berrante
First 150 of 463 actions detected
| 0:00 | Queue | Villager (Male) |
| 0:00 | Queue | Villager (Male) |
| 0:02 | Build | House |
| 0:04 | Build | House |
| 0:18 | Queue | Villager (Male) |
| 0:18 | Queue | Villager (Male) |
| 0:19 | Queue | Villager (Male) |
| 1:24 | Queue | Villager (Male) |
| 1:24 | Queue | Villager (Male) |
| 1:52 | Queue | Villager (Male) |
| 1:52 | Queue | Villager (Male) |
| 2:16 | Build | Lumber Camp |
| 2:31 | Queue | Villager (Male) |
| 2:32 | Queue | Villager (Male) |
| 2:32 | Queue | Villager (Male) |
| 3:11 | Queue | Villager (Male) |
| 3:11 | Queue | Villager (Male) |
| 3:14 | Build | House |
| 3:49 | Queue | Villager (Male) |
| 3:49 | Queue | Villager (Male) |
| 3:49 | Queue | Villager (Male) |
| 4:48 | Queue | Villager (Male) |
| 4:49 | Queue | Villager (Male) |
| 4:50 | Build | Mill |
| 5:11 | Build | Palisade Wall |
| 5:51 | Queue | Villager (Male) |
| 5:51 | Queue | Villager (Male) |
| 6:18 | Research | Loom |
| 6:33 | Build | House |
| 6:45 | Research | Feudal Age |
| 7:47 | Build | Barracks |
| 8:30 | Research | Double-Bit Axe |
| 8:32 | Queue | Militia |
| 8:32 | Queue | Militia |
| 8:33 | Queue | Militia |
| 8:55 | Age | Feudal Age |
| 8:57 | Queue | Villager (Male) |
| 9:19 | Research | Man-at-Arms (upgrade) |
| 9:23 | Queue | Villager (Male) |
| 9:28 | Build | House |
| 9:46 | Queue | Flemish Militia |
| 9:46 | Queue | Flemish Militia |
| 9:49 | Queue | Villager (Male) |
| 9:50 | Queue | Villager (Male) |
| 9:50 | Queue | Villager (Male) |
| 9:52 | Build | Mining Camp |
| 10:17 | Research | Arson |
| 10:18 | Queue | Villager (Male) |
| 10:31 | Queue | Villager (Male) |
| 10:44 | Build | Watch Tower |
| 10:46 | Queue | Villager (Male) |
| 11:12 | Queue | Villager (Male) |
| 11:17 | Build | Mining Camp |
| 11:27 | Build | House |
| 11:33 | Build | House |
| 11:42 | Queue | Villager (Male) |
| 11:50 | Queue | Flemish Militia |
| 11:50 | Queue | Flemish Militia |
| 11:55 | Queue | Villager (Male) |
| 12:07 | Build | Palisade Wall |
| 12:10 | Build | Palisade Wall |
| 12:32 | Queue | Villager (Male) |
| 12:40 | Build | Outpost |
| 12:49 | Build | Palisade Wall |
| 12:59 | Build | Palisade Wall |
| 13:01 | Build | Palisade Gate |
| 13:04 | Queue | Villager (Male) |
| 13:07 | Build | Palisade Wall |
| 13:12 | Queue | Villager (Male) |
| 13:26 | Build | Palisade Wall |
| 13:31 | Queue | Villager (Male) |
| 13:33 | Build | Farm |
| 13:33 | Build | Farm |
| 13:49 | Build | Watch Tower |
| 13:58 | Build | Farm |
| 14:15 | Build | Palisade Wall |
| 14:22 | Queue | Villager (Male) |
| 14:31 | Queue | Villager (Male) |
| 14:47 | Build | Palisade Wall |
| 14:49 | Build | Palisade Wall |
| 14:50 | Build | Palisade Wall |
| 15:11 | Queue | Villager (Male) |
| 15:16 | Build | Palisade Wall |
| 15:20 | Queue | Villager (Male) |
| 15:35 | Queue | Villager (Male) |
| 15:50 | Queue | Flemish Militia |
| 15:51 | Queue | Flemish Militia |
| 16:00 | Queue | Villager (Male) |
| 16:01 | Queue | Villager (Male) |
| 16:12 | Build | House |
| 16:15 | Build | Blacksmith |
| 16:28 | Build | House |
| 16:32 | Research | Wheelbarrow |
| 16:33 | Research | Bow Saw |
| 16:34 | Research | Bow Saw |
| 16:37 | Queue | Flemish Militia |
| 16:49 | Build | Farm |
| 16:51 | Build | Farm |
| 16:52 | Build | Farm |
| 17:10 | Queue | Villager (Male) |
| 17:30 | Queue | Villager (Male) |
| 17:32 | Build | Farm |
| 17:34 | Build | Farm |
| 17:40 | Build | Watch Tower |
| 17:46 | Build | Farm |
| 17:55 | Build | House |
| 18:00 | Build | House |
| 18:08 | Queue | Villager (Male) |
| 18:20 | Queue | Flemish Militia |
| 18:33 | Build | Farm |
| 18:36 | Build | Market |
| 18:49 | Queue | Villager (Male) |
| 18:50 | Build | Farm |
| 19:01 | Build | Palisade Wall |
| 19:11 | Build | Farm |
| 19:16 | Build | Palisade Wall |
| 19:17 | Build | Palisade Wall |
| 19:37 | Build | Farm |
| 19:51 | Build | House |
| 19:53 | Build | House |
| 19:59 | Research | Castle Age |
| 19:59 | Research | Castle Age |
| 20:03 | Build | Palisade Wall |
| 20:13 | Queue | Spearman |
| 20:14 | Queue | Spearman |
| 20:23 | Build | Stable |
| 20:32 | Queue | Spearman |
| 20:37 | Build | Palisade Gate |
| 20:46 | Build | Lumber Camp |
| 21:18 | Build | Stable |
| 21:24 | Research | Scale Barding Armor |
| 21:25 | Research | Scale Barding Armor |
| 21:45 | Research | Forging |
| 21:57 | Build | Mining Camp |
| 22:09 | Queue | Scout Cavalry |
| 22:12 | Queue | Scout Cavalry |
| 22:32 | Research | Horse Collar |
| 22:34 | Research | Gold Mining |
| 22:39 | Age | Castle Age |
| 22:42 | Queue | Knight |
| 22:43 | Queue | Scout Cavalry |
| 22:43 | Queue | Knight |
| 22:48 | Queue | Villager (Male) |
| 23:03 | Queue | Flemish Militia |
| 23:03 | Queue | Flemish Militia |
| 23:19 | Queue | Villager (Male) |
| 23:20 | Queue | Knight |
| 23:23 | Build | Farm |
| 23:23 | Queue | Villager (Male) |
| 23:46 | Queue | Flemish Militia |
Build order — Jackdaw
First 150 of 350 actions detected
| 0:00 | Queue | Villager (Male) |
| 0:01 | Queue | Villager (Male) |
| 0:01 | Queue | Villager (Male) |
| 0:01 | Queue | Villager (Male) |
| 0:02 | Queue | Villager (Male) |
| 0:02 | Build | House |
| 0:05 | Build | House |
| 1:29 | Queue | Villager (Male) |
| 1:44 | Build | Mill |
| 1:53 | Research | Loom |
| 1:56 | Queue | Villager (Male) |
| 2:01 | Build | Mill |
| 2:17 | Queue | Villager (Male) |
| 2:44 | Queue | Villager (Male) |
| 3:04 | Queue | Villager (Male) |
| 3:26 | Queue | Villager (Male) |
| 4:00 | Queue | Villager (Male) |
| 4:15 | Queue | Villager (Male) |
| 4:32 | Queue | Villager (Male) |
| 4:44 | Queue | Villager (Male) |
| 5:25 | Queue | Villager (Male) |
| 5:26 | Research | Loom |
| 6:27 | Queue | Villager (Male) |
| 6:46 | Queue | Villager (Male) |
| 6:49 | Build | House |
| 7:18 | Queue | Villager (Male) |
| 7:47 | Build | Lumber Camp |
| 7:54 | Queue | Villager (Male) |
| 8:10 | Research | Feudal Age |
| 8:50 | Build | Mill |
| 9:07 | Queue | Villager (Male) |
| 9:22 | Build | Palisade Wall |
| 9:26 | Build | Palisade Wall |
| 9:29 | Build | Palisade Wall |
| 9:34 | Build | Palisade Wall |
| 10:02 | Queue | Villager (Male) |
| 10:20 | Build | Palisade Wall |
| 10:26 | Queue | Villager (Male) |
| 10:32 | Age | Feudal Age |
| 10:39 | Build | Barracks |
| 10:44 | Research | Double-Bit Axe |
| 11:14 | Queue | Villager (Male) |
| 11:26 | Build | Stable |
| 11:28 | Queue | Spearman |
| 11:42 | Queue | Spearman |
| 11:43 | Queue | Villager (Male) |
| 12:00 | Queue | Militia |
| 12:00 | Queue | Militia |
| 12:04 | Build | Farm |
| 12:06 | Build | Farm |
| 12:09 | Build | Farm |
| 12:15 | Build | House |
| 12:20 | Build | House |
| 12:27 | Queue | Spearman |
| 12:29 | Queue | Scout Cavalry |
| 12:29 | Queue | Scout Cavalry |
| 12:32 | Queue | Villager (Male) |
| 12:47 | Build | Farm |
| 12:49 | Queue | Villager (Male) |
| 12:54 | Build | Farm |
| 12:57 | Queue | Scout Cavalry |
| 13:06 | Build | House |
| 13:07 | Build | House |
| 13:08 | Queue | Villager (Male) |
| 13:33 | Queue | Villager (Male) |
| 13:47 | Build | Lumber Camp |
| 13:48 | Queue | Villager (Male) |
| 13:57 | Queue | Scout Cavalry |
| 14:12 | Queue | Villager (Male) |
| 14:35 | Build | Mining Camp |
| 14:40 | Queue | Villager (Male) |
| 14:54 | Queue | Scout Cavalry |
| 14:54 | Queue | Scout Cavalry |
| 15:23 | Queue | Villager (Male) |
| 15:36 | Build | Watch Tower |
| 15:44 | Build | Farm |
| 16:00 | Queue | Villager (Male) |
| 16:06 | Build | Mill |
| 16:16 | Queue | Villager (Male) |
| 16:26 | Build | Mining Camp |
| 16:27 | Queue | Villager (Male) |
| 16:34 | Build | Palisade Wall |
| 16:35 | Build | Palisade Wall |
| 16:35 | Build | Palisade Wall |
| 16:36 | Build | Palisade Wall |
| 16:36 | Build | Palisade Wall |
| 16:37 | Build | Palisade Wall |
| 16:37 | Build | Palisade Wall |
| 16:38 | Build | Palisade Wall |
| 16:41 | Build | Farm |
| 16:41 | Build | Farm |
| 16:41 | Build | Farm |
| 16:42 | Build | Farm |
| 16:42 | Build | Farm |
| 17:03 | Build | Farm |
| 17:05 | Build | Farm |
| 17:08 | Queue | Villager (Male) |
| 17:14 | Build | House |
| 17:16 | Build | House |
| 17:21 | Queue | Villager (Male) |
| 17:26 | Build | House |
| 17:30 | Queue | Villager (Male) |
| 17:33 | Build | Farm |
| 17:33 | Build | Farm |
| 17:33 | Build | Farm |
| 17:33 | Build | Farm |
| 17:34 | Build | Farm |
| 17:35 | Build | Farm |
| 17:35 | Build | Farm |
| 17:52 | Research | Wheelbarrow |
| 18:12 | Build | Farm |
| 18:13 | Build | Farm |
| 18:13 | Build | Farm |
| 18:13 | Build | Farm |
| 18:13 | Build | Farm |
| 18:14 | Build | Farm |
| 18:32 | Build | Farm |
| 19:07 | Build | Lumber Camp |
| 19:26 | Queue | Villager (Male) |
| 19:28 | Build | Blacksmith |
| 19:57 | Research | Castle Age |
| 20:16 | Build | Farm |
| 20:24 | Research | Bloodlines |
| 20:28 | Research | Forging |
| 20:49 | Build | Mining Camp |
| 20:51 | Queue | Villager (Male) |
| 21:13 | Build | Farm |
| 21:35 | Build | Farm |
| 22:21 | Build | Stable |
| 22:26 | Build | Stable |
| 22:37 | Age | Castle Age |
| 22:39 | Research | Scale Barding Armor |
| 22:43 | Queue | Knight |
| 22:44 | Queue | Knight |
| 22:45 | Queue | Villager (Male) |
| 23:17 | Queue | Knight |
| 23:17 | Queue | Knight |
| 23:24 | Queue | Knight |
| 23:24 | Queue | Knight |
| 23:25 | Queue | Knight |
| 23:25 | Queue | Knight |
| 23:31 | Queue | Villager (Male) |
| 23:34 | Build | Farm |
| 23:36 | Build | Farm |
| 23:44 | Queue | Knight |
| 23:44 | Queue | Knight |
| 23:44 | Queue | Knight |
| 23:54 | Queue | Knight |
| 23:54 | Queue | Knight |
| 24:01 | Queue | Villager (Male) |
Match timeline
| 5:11 | Berrante · wall_segment Palisade Wall x1 |
| 7:47 | Berrante · first_building Barracks |
| 8:55 | Berrante · age_up feudal |
| 9:22 | Jackdaw · wall_segment Palisade Wall x5 |
| 9:26 | Jackdaw · wall_segment Palisade Wall x3 |
| 9:29 | Jackdaw · wall_segment Palisade Wall x4 |
| 9:34 | Jackdaw · wall_segment Palisade Wall x5 |
| 10:20 | Jackdaw · wall_segment Palisade Wall x2 |
| 10:32 | Jackdaw · age_up feudal |
| 10:39 | Jackdaw · first_building Barracks |
| 11:26 | Jackdaw · first_building Stable |
| 12:07 | Berrante · wall_segment Palisade Wall x1 |
| 12:10 | Berrante · wall_segment Palisade Wall x1 |
| 12:49 | Berrante · wall_segment Palisade Wall x18 |
| 12:59 | Berrante · wall_segment Palisade Wall x17 |
| 13:07 | Berrante · wall_segment Palisade Wall x1 |
| 13:26 | Berrante · wall_segment Palisade Wall x1 |
| 14:15 | Berrante · wall_segment Palisade Wall x10 |
| 14:47 | Berrante · wall_segment Palisade Wall x1 |
| 14:49 | Berrante · wall_segment Palisade Wall x1 |
| 14:50 | Berrante · wall_segment Palisade Wall x1 |
| 15:16 | Berrante · wall_segment Palisade Wall x1 |
| 16:34 | Jackdaw · wall_segment Palisade Wall x1 |
| 16:35 | Jackdaw · wall_segment Palisade Wall x1 |
| 16:35 | Jackdaw · wall_segment Palisade Wall x1 |
| 16:36 | Jackdaw · wall_segment Palisade Wall x1 |
| 16:36 | Jackdaw · wall_segment Palisade Wall x1 |
| 16:37 | Jackdaw · wall_segment Palisade Wall x1 |
| 16:37 | Jackdaw · wall_segment Palisade Wall x1 |
| 16:38 | Jackdaw · wall_segment Palisade Wall x1 |
| 19:01 | Berrante · wall_segment Palisade Wall x1 |
| 19:16 | Berrante · wall_segment Palisade Wall x1 |
| 19:17 | Berrante · wall_segment Palisade Wall x1 |
| 19:26 | Berrante · first_market_sell 100 stone |
| 19:27 | Berrante · first_market_buy 100 food |
| 20:03 | Berrante · wall_segment Palisade Wall x1 |
| 20:23 | Berrante · first_building Stable |
| 22:37 | Jackdaw · age_up castle |
| 22:39 | Berrante · age_up castle |
| 24:29 | Jackdaw · first_building Castle |
| 25:20 | Berrante · first_building Monastery |
| 25:28 | Berrante · wall_segment Stone Wall x1 |
| 25:35 | Berrante · wall_segment Palisade Wall x2 |
| 26:51 | Berrante · wall_segment Palisade Wall x1 |
| 27:01 | Jackdaw · first_building Monastery |
| 30:24 | Berrante · wall_segment Stone Wall x6 |
| 30:57 | Jackdaw · first_market_sell 100 food |
| 31:03 | Berrante · wall_segment Stone Wall x1 |
| 32:32 | Berrante · first_building Castle |
| 37:13 | Berrante · first_building Archery Range |
| 39:05 | Berrante · age_up imperial |
| 39:16 | Berrante · first_building Siege Workshop |
| 40:23 | Berrante · wall_segment Stone Wall x1 |
| 42:30 | Jackdaw · resign |
[ AI ANALYSIS · 1 CREDIT ]
What really happened in this match?
Wolo.gg analyzes every decision: build order, eco, micro, common mistakes by bracket. Personalized analysis on WhatsApp or Discord in 30 seconds.
Civ guide
Burgundians
Perfil
Jugador #567639